 Dungeon Crawl Stone Soup version 0.30.1-9-gdf580d7c3d (webtiles) character file.

Game seed: 17862789856761277592

110896 kalagan the Eclecticist (level 16, -2/84 HPs)
             Began as a Deep Elf Conjurer on Oct 2, 2023.
             Was an Elder of Sif Muna.
             Slain by a +4 glaive of pain (19 damage)
             ... on level 1 of the Elven Halls.
             The game lasted 01:04:37 (25698 turns).

kalagan the Eclecticist (Deep Elf Conjurer)        Turns: 25698, Time: 01:04:37

Health: -2/84      AC: 15    Str:  6    XL:     16   Next: 8%
Magic:  29/37      EV: 18    Int: 30    God:    Sif Muna [****..]
Gold:   1021       SH:  5    Dex: 16    Spells: 17/45 levels left

rFire   . . .        A - staff of air "Pepnuk" {Fly rElec rPois Dex+6}
rCold   + + .        (no shield)
rNeg    . . .        H - +1 leather armour of Yredelemnul's Grace {rPois rC++ Will+ Dex-3}
rPois   +            k - +1 helmet
rElec   +            F - +0 cloak
rCorr   .            o - +2 pair of gloves
SInv    .            (no boots)
Will    ++...        s - amulet of reflection
Stlth   ++++         p - +4 ring of protection
HPRegen 0.34/turn    v - +5 ring of evasion
MPRegen 0.25/turn

%: reflection
@: channelling, flying
A: no striking features
a: Renounce Religion, Channel Magic, Forget Spell, Divine Exegesis


You were on level 1 of the Elven Halls.
You worshipped Sif Muna.
Sif Muna was greatly pleased with you.
You visited 5 branches of the dungeon, and saw 19 of its levels.

You collected 1788 gold pieces.
You spent 767 gold pieces at shops.

Inventory:

Hand Weapons
 w - the +7 lajatang of Order {silver, rMut}
   (You acquired it on level 6 of the Dungeon)

   rMut:      It protects you from mutation.
 K - a +1 demon whip of venom
Armour
 k - a +1 helmet (worn)
 o - a +2 pair of gloves (worn)
 F - a +0 cloak (worn)
 H - the +1 leather armour of Yredelemnul's Grace (worn) {rPois rC++ Will+ Dex-3}
   (You found it on level 8 of the Dungeon)

   Dex:       It affects your dexterity (-3).
   rC:        It greatly protects you from cold.
   rPois:     It protects you from poison.
   Will:      It increases your willpower.
 J - +0 acid dragon scales
 O - +0 steam dragon scales
 T - a +2 robe of fire resistance
 U - a +2 robe of the Archmagi
 V - a +2 robe of cold resistance
Magical Staves
 A - the staff of air "Pepnuk" (weapon) {Fly rElec rPois Dex+6}
   (You found it on level 5 of the Lair of Beasts)

   [staff of air]

   Base accuracy: +5 Base damage: 5 Base attack delay: 1.2 This weapon's minimum
   attack delay (0.6) is reached at skill level 12.
   Dex:       It affects your dexterity (+6).
   rElec:     It insulates you from electricity.
   rPois:     It protects you from poison.
   Fly:       It grants you flight.
   It falls into the 'Staves' category.
   It is a one-handed weapon.
 L - a staff of death
Jewellery
 a - a ring of positive energy
 i - a ring of flight
 p - a +4 ring of protection (left hand)
 s - an amulet of reflection (around neck)
 u - a ring of protection from cold
 v - a +5 ring of evasion (right hand)
 z - an amulet of regeneration
 N - a ring of ice
 S - a ring of magical power
Wands
 B - a wand of roots (14)
 D - a wand of light (34)
 M - a wand of paralysis (1)
Scrolls
 f - a scroll of fear
 g - 4 scrolls of poison
 l - 3 scrolls of amnesia
 q - 2 scrolls of summoning
 r - 2 scrolls of torment
 t - a scroll of fog
 y - 3 scrolls of magic mapping
 C - 8 scrolls of teleportation
 E - 2 scrolls of immolation
 I - 3 scrolls of blinking
 Q - 2 scrolls of identify
Potions
 b - 2 potions of magic
 c - 8 potions of curing
 d - 6 potions of haste
 e - 2 potions of lignification
 h - 7 potions of mutation
 j - 3 potions of might
 m - a potion of flight
 n - 2 potions of ambrosia
 x - 5 potions of invisibility
 G - a potion of cancellation
 P - 2 potions of heal wounds
 R - a potion of brilliance


   Skills:
 + Level 4.2 Fighting
 - Level 5.0 Staves
 - Level 6.0 Armour
 - Level 5.0 Dodging
 + Level 8.3 Stealth
 * Level 15.2 Spellcasting
 * Level 13.4 Conjurations
 - Level 13.7 Hexes
 - Level 3.0 Summonings
 - Level 8.0 Translocations
 + Level 9.8 Ice Magic
 + Level 9.2 Air Magic
 + Level 7.3 Invocations


You had 17 spell levels left.
You knew the following spells:

 Your Spells              Type           Power      Damage    Failure   Level
a - Magic Dart            Conj           100%       1d8       0%          1
b - Searing Ray           Conj           100%       2d8       1%          2
c - Dazzling Flash        Conj/Hex       100%       N/A       1%          3
d - Fulminant Prism       Conj/Hex       40%        3d19      1%          4
e - Iskenderun's Mystic   Conj/Tloc      72%        2d15      1%          4
i - Freezing Cloud        Conj/Ice/Air   46%        6-21      1%          5
s - Summon Lightning Spi  Summ/Air       74%        N/A       2%          4
I - Metabolic Englaciati  Hex/Ice        38%        N/A       1%          5

Your spell library contained the following spells:

 Spells                   Type           Power      Damage    Failure   Level
 Poisonous Vapours        Pois/Air       100%       N/A       1%          2
 Mephitic Cloud           Conj/Pois/Air  80%        N/A       1%          3
 Summon Guardian Golem    Hex/Summ       64%        N/A       1%          3
 Vhi's Electric Charge    Tloc/Air       100%       N/A       1%          3
 Cause Fear               Hex            40%        N/A       1%          4
 Sticky Flame             Conj/Fire      58%        2d7       1%          4
 Summon Ice Beast         Ice/Summ       57%        N/A       1%          4
 Arcjolt                  Conj/Air       47%        1d57      1%          5
 Call Canine Familiar     Summ           40%        N/A       2%          3
 Summon Mana Viper        Hex/Summ       64%        N/A       2%          5
 Ice Form                 Ice/Tmut       51%        N/A       3%          4
 Conjure Ball Lightning   Conj/Air       47%        3x3d16    4%          6
 Ignite Poison            Fire/Tmut/Pois 22%        N/A       9%          3
 Petrify                  Tmut/Erth      22%        N/A       30%         4
 Plasma Beam              Fire/Air       33%        2x1d50    56%         6
 Discord                  Hex            40%        N/A       56%         8
 Spellforged Servitor     Conj/Summ      32%        N/A       65%         7
 Statue Form              Tmut/Erth      14%        N/A       99%         6
 Dragon Form              Tmut           11%        N/A       100%        7
 Disjunction              Tloc           31%        N/A       100%        8
 Ignition                 Fire           11%        3d5       100%        8
 Necromutation            Tmut/Necr      11%        N/A       100%        8
 Dragon's Call            Summ           20%        N/A       100%        9


Dungeon Overview and Level Annotations

Branches:
Dungeon (10/15)            Temple (1/1) D:5            Lair (5/5) D:9
 Shoals (0/4) Lair:2        Snake (0/4) Lair:3        Slime (0/5) Lair:4
    Orc (2/2) D:9             Elf (1/3) Orc:2

Altars:
Ashenzari
Cheibriados
Dithmenos
Elyvilon
Fedhas
Gozag
Hepliaklqana
Kikubaaqudgha
Makhleb
Nemelex Xobeh
Okawaru
Qazlal
Ru
Sif Muna
Trog
Uskayaw
Vehumet
Wu Jian
Xom
Yredelemnul
Zin
The Shining One

Shops:
D:7 (   Orc:2 ?:(!!

Portals:
Pandemonium: Orc:2


Message History

The deep elf knight is engulfed in freezing vapours.
Casting: Iskenderun's Mystic Blast (safe; 1% risk of failure)
Confirm with . or Enter, or press ? or * to list all spells.
You erupt in a blast of force!
The mystic blast hits the +4 glaive of pain!
The +4 glaive of pain is severely damaged.
The +4 glaive of pain is knocked back by the mystic blast.
The +4 glaive of pain collides with the deep elf knight!
The deep elf knight is severely wounded.
A deep elf zephyrmancer comes into view.
It is wielding a +3 long sword of holy wrath.
The deep elf archer is engulfed in freezing vapours.
The deep elf knight is engulfed in freezing vapours.
The +4 glaive of pain is engulfed in freezing vapours.
The +4 glaive of pain hits you from afar!!
The deep elf knight is engulfed in freezing vapours.
The deep elf archer is engulfed in freezing vapours.
The deep elf zephyrmancer is engulfed in freezing vapours.
The deep elf knight is engulfed in freezing vapours.
The +4 glaive of pain hits you from afar.
Unknown command.
The deep elf zephyrmancer is engulfed in freezing vapours.
The deep elf zephyrmancer mumbles some strange words.
The deep elf zephyrmancer blinks!
The deep elf archer is engulfed in freezing vapours.
The deep elf knight is engulfed in freezing vapours.
You kill the deep elf knight!
Sif Muna accepts your kill.
A deep elf archer and a deep elf knight come into view.
The deep elf knight gestures wildly while chanting.
The deep elf knight seems to speed up.
The +4 glaive of pain hits you from afar!
* * * LOW HITPOINT WARNING * * *
The deep elf archer moves out of view.
You hear a shout!
The air fills with toxic fumes!
As you read the scroll of poison, it crumbles to dust.
The +4 glaive of pain completely misses you.
The deep elf zephyrmancer completely misses you.
The +4 glaive of pain hits you from afar!!
You die...

##.###### ##.##
#####§.'#...### ##.##
#8§§§§#.......# ##'. e
#§§§§##.......# ##.. #e
#☼§§§##>......####...
#§§#§§§§##.......'..)...
#§§§§§§§###......####...
#..#§(§e§§#+...### ##..
#..#§§§@§§+##### ##'#. .
#§§§§§§§# #####.###
#8§§§§§§## #...'##
#####§§§§# ##...##
#§§§§# #.....# #
#§§§§###'...## ##
#§§§###.#...# ##.
#######
######§§§##.##+### #..
#.....# #.<.....##.###.#
#..


You could see 3 deep elf zephyrmancers and a +4 glaive of pain.

Vanquished Creatures
  A fire dragon (Lair:5)
  A deep elf death mage (Elf:1)
  Fannar (Lair:3)
  7 dancing weapons (Elf:1)
  2 demonspawn (Orc:2)
  A two-headed ogre (D:10)
  5 orc high priests (Orc:2)
  15 death yaks
  4 deep elf knights (Elf:1)
  Amaemon (D:8)
  2 skysharks
  A lindwurm (Lair:5)
  Pikel (D:4)
  2 deep elf archers (Elf:1)
  5 orc knights
  5 deep elf pyromancers (Elf:1)
  11 deep elf zephyrmancers (Elf:1)
  7 orc sorcerers (Orc:2)
  An ugly thing (D:6)
  A cyclops (Orc:2)
  A manticore (D:6)
  19 elephants
  11 black mambas
  Joseph (D:7)
  A rust devil (Orc:2)
  3 molten gargoyles (Lair:5)
  A torpor snail (Lair:2)
  2 orange demons
  8 cane toads
  4 rime drakes
  11 komodo dragons
  A red devil (Orc:2)
  3 merfolk (Lair:2)
  The ghost of chujev the Ducker, an amateur MfGl (D:5)
  3 polar bears
  4 trolls
  Prince Ribbit (D:6)
  Grinder (D:6)
  10 blink frogs
  Sigmund (D:3)
  A wraith (D:8)
  3 air elementals (Elf:1)
  6 wyverns (Lair:5)
  29 yaks
  Eustachio (D:4)
  3 fire elementals (Elf:1)
  4 basilisks
  A steam dragon (D:9)
  2 chaos spawn (Orc:2)
  Edmund (D:6)
  Menkaure (D:6)
  4 wargs (D:9)
  2 acid dragons
  16 water moccasins
  3 hell hounds (Lair:5)
  29 orc warriors
  4 black bears
  6 ice beasts
  6 ogres
  15 wolves
  4 centaurs
  4 phantoms
  Blork the orc (D:4)
  A kobold brigand (D:9)
  12 bullfrogs
  2 earth elementals (Elf:1)
  5 scorpions
  3 wights (D:9)
  A howler monkey (D:7)
  5 electric eels
  5 lava snakes (Lair:5)
  7 hounds
  2 jellies
  21 orc priests
  Crazy Yiuf (D:5)
  A gnoll bouda (D:8)
  3 sleepcaps
  An iguana (D:5)
  Terence (D:2)
  12 orc wizards
  7 hell rats (Lair:2)
  Robin (D:2)
  7 adders
  5 gnolls (D:8)
  11 river rats (Lair:2)
  2 shadow imps (D:5)
  2 white imps (D:6)
  2 ufetubi (D:7)
  4 worms
  A dart slug (D:2)
  67 orcs
  5 ball pythons
  12 bats
  13 endoplasms
  5 giant cockroaches
  10 goblins
  6 hobgoblins
  9 quokkas
  2 frilled lizards
  10 kobolds
  17 rats
588 creatures vanquished.

Vanquished Creatures (collateral kills)
  3 orc warriors (Orc:2)
  2 orc priests (Orc:2)
  An orc wizard (Orc:2)
  6 orcs (Orc:2)
12 creatures vanquished.

Vanquished Creatures (others)
  3 orcs (D:7)
  224 fulminant prisms
227 creatures vanquished.

Grand Total: 827 creatures vanquished

Notes
Turn   | Place    | Note
-------+----------+-------------------------------------------
     0 | D:1      | kalagan the Deep Elf Conjurer began the quest for the Orb.
     0 | D:1      | Reached XP level 1. HP: 10/10 MP: 6/6
   102 | D:1      | Found a faded altar of an unknown god.
   136 | D:1      | Reached skill level 1 in Hexes
   151 | D:1      | Reached XP level 2. HP: 15/15 MP: 6/8
   154 | D:1      | Learned a level 2 spell: Searing Ray
   733 | D:2      | Noticed Robin
   954 | D:2      | Reached XP level 3. HP: 19/19 MP: 1/10
  1160 | D:2      | Noticed Terence
  1169 | D:2      | Killed Terence
  1242 | D:2      | Killed Robin
  1243 | D:2      | Reached XP level 4. HP: 24/24 MP: 1/11
  1379 | D:2      | Reached skill level 4 in Spellcasting
  1480 | D:2      | Reached skill level 5 in Conjurations
  2489 | D:3      | Noticed Sigmund
  2497 | D:3      | Killed Sigmund
  2498 | D:3      | Reached skill level 5 in Spellcasting
  2498 | D:3      | Reached XP level 5. HP: 26/28 MP: 5/14
  2498 | D:3      | Reached XP level 6. HP: 30/32 MP: 5/15
  2933 | D:3      | Found a hide-covered altar of Uskayaw.
  3220 | D:3      | Learned a level 3 spell: Dazzling Flash
  3225 | D:3      | Learned a level 4 spell: Fulminant Prism
  3232 | D:3      | Learned a level 4 spell: Iskenderun's Mystic Blast
  3261 | D:4      | Noticed Pikel
  3473 | D:4      | Reached skill level 6 in Spellcasting
  3473 | D:4      | Reached skill level 5 in Hexes
  3548 | D:4      | Reached XP level 7. HP: 36/36 MP: 2/18
  3738 | D:4      | Killed Pikel
  3739 | D:4      | Reached skill level 7 in Spellcasting
  3739 | D:4      | Reached XP level 8. HP: 36/41 MP: 7/21
  3886 | D:4      | Found a basalt altar of Yredelemnul.
  4130 | D:4      | Noticed Eustachio
  4139 | D:4      | Killed Eustachio
  4291 | D:4      | Found a snail-covered altar of Cheibriados.
  4295 | D:4      | Noticed Blork the orc
  4304 | D:4      | Killed Blork the orc
  4617 | D:4      | Learned a level 5 spell: Freezing Cloud
  4625 | D:5      | Entered Level 5 of the Dungeon
  4643 | D:5      | Reached skill level 8 in Spellcasting
  4702 | D:5      | Reached skill level 1 in Translocations
  4792 | D:5      | Noticed chujev's ghost (amateur MfGl)
  4950 | D:5      | Found a runed translucent gate.
  4950 | D:5      | Found a runed translucent gate.
  4951 | D:5      | Found a runed translucent gate.
  5080 | D:5      | Reached skill level 9 in Spellcasting
  5094 | D:5      | Reached XP level 9. HP: 38/45 MP: 0/24
  5247 | D:5      | Found a staircase to the Ecumenical Temple.
  5282 | Temple   | Entered the Ecumenical Temple
  5368 | Temple   | Became a worshipper of Sif Muna the Loreminder
  5447 | D:5      | Found a runed translucent door.
  5448 | D:5      | Noticed Crazy Yiuf
  5507 | D:5      | Killed Crazy Yiuf
  5782 | D:6      | Noticed a purple ugly thing
  5993 | D:6      | Reached skill level 1 in Ice Magic
  5995 | D:6      | Killed a purple ugly thing
  5996 | D:6      | Reached skill level 1 in Air Magic
  5996 | D:6      | Reached skill level 1 in Invocations
  6544 | D:6      | Noticed a manticore
  6558 | D:6      | Killed a manticore
  6574 | D:6      | Noticed Edmund
  6584 | D:6      | Killed Edmund
  6585 | D:6      | Reached skill level 10 in Spellcasting
  6604 | D:6      | Noticed Menkaure
  6607 | D:6      | Killed Menkaure
  6896 | D:5      | Reached XP level 10. HP: 50/50 MP: 14/26
  6904 | D:5      | Killed chujev's ghost
  7115 | D:6      | Found a blossoming altar of Fedhas.
  7128 | D:6      | Noticed Grinder
  7133 | D:6      | Killed Grinder
  7141 | D:6      | Noticed Prince Ribbit
  7158 | D:6      | Killed Prince Ribbit
  7317 | D:6      | Found a white marble altar of Elyvilon.
  7707 | D:6      | Identified a scroll of acquirement
  7707 | D:6      | Acquired the +7 lajatang of Order {silver, rMut}
  7707 | D:6      | Found the +7 lajatang of Order {silver, rMut}
  7944 | D:7      | Got the Elucidation of Friendly Transmigration
  7999 | D:7      | Reached * piety under Sif Muna
  7999 | D:7      | Noticed Joseph
  8006 | D:7      | Killed Joseph
  8591 | D:7      | You fall into a shaft and drop 3 floors!
  8591 | D:10     | Entered Level 10 of the Dungeon
  8597 | D:10     | Found a stormy altar of Qazlal.
  8647 | D:10     | Noticed a two-headed ogre
  8657 | D:10     | Killed a two-headed ogre
  8940 | D:10     | Reached skill level 1 in Staves
  8940 | D:10     | Reached skill level 11 in Spellcasting
  8940 | D:10     | Reached skill level 5 in Ice Magic
  8941 | D:10     | Reached skill level 5 in Translocations
  8954 | D:10     | Reached skill level 10 in Conjurations
  9135 | D:10     | Reached skill level 1 in Fighting
  9393 | D:9      | Reached XP level 11. HP: 56/56 MP: 12/28
  9633 | D:9      | Found a staircase to the Lair.
  9711 | D:9      | Found a staircase to the Orcish Mines.
  9718 | D:9      | Reached skill level 5 in Air Magic
  9790 | D:8      | Noticed Amaemon
  9797 | D:8      | Killed Amaemon
  9994 | D:8      | Reached ** piety under Sif Muna
 10473 | D:7      | Found Sotuobbo's Weapon Boutique.
 11106 | D:8      | Identified the +1 leather armour of Yredelemnul's Grace
                  | {rPois rC++ Will+ Dex-3}
 11638 | D:8      | Learned a level 4 spell: Summon Lightning Spire
 12244 | D:9      | Reached *** piety under Sif Muna
 12327 | D:9      | Reached skill level 1 in Armour
 12327 | D:9      | Reached skill level 1 in Summonings
 12593 | Lair:1   | Entered Level 1 of the Lair of Beasts
 12617 | Lair:1   | Reached skill level 5 in Stealth
 12755 | Lair:1   | Reached skill level 12 in Spellcasting
 12780 | Lair:1   | Reached XP level 12. HP: 32/60 MP: 12/30
 13040 | Lair:1   | Reached **** piety under Sif Muna
 13837 | Lair:2   | Reached skill level 5 in Dodging
 13845 | Lair:2   | Reached skill level 10 in Hexes
 14108 | Lair:2   | Found a staircase to the Shoals.
 14206 | Lair:2   | Reached skill level 5 in Invocations
 15847 | Lair:3   | Reached skill level 13 in Spellcasting
 15873 | Lair:3   | Reached XP level 13. HP: 66/66 MP: 2/32
 16081 | Lair:3   | Found a staircase to the Snake Pit.
 16222 | Lair:3   | Noticed Fannar
 16235 | Lair:3   | Killed Fannar
 18260 | Lair:4   | Found a staircase to the Slime Pits.
 18337 | Lair:5   | Entered Level 5 of the Lair of Beasts
 19392 | Lair:5   | Reached XP level 14. HP: 72/74 MP: 4/33
 19437 | Lair:5   | Reached skill level 5 in Armour
 19548 | Lair:5   | Identified the +1 scale mail "Heetion" {Int+5 Stlth-}
 19829 | Lair:5   | Reached skill level 14 in Spellcasting
 20471 | Lair:5   | Found a large runed translucent door.
 20472 | Lair:5   | Found a large runed translucent door.
 20974 | Lair:5   | Identified the staff of air "Pepnuk" {Fly rElec rPois
                  | Dex+6}
 21096 | Lair:5   | Learned a level 5 spell: Metabolic Englaciation
 21293 | Orc:1    | Entered Level 1 of the Orcish Mines
 21306 | Orc:1    | Reached ***** piety under Sif Muna
 21486 | Orc:2    | Entered Level 2 of the Orcish Mines
 21486 | Orc:2    | Found Ubbyd's Magic Scroll Boutique.
 21492 | Orc:2    | Received a gift from Sif Muna
 21500 | Orc:2    | Got Sif Muna's Encyclopedia of the Band {god gift}
 21511 | Orc:2    | Bought a scroll of teleportation for 33 gold pieces
 21511 | Orc:2    | Bought a scroll of magic mapping for 82 gold pieces
 21511 | Orc:2    | Bought a scroll of identify for 22 gold pieces
 21511 | Orc:2    | Bought a scroll of identify for 22 gold pieces
 21511 | Orc:2    | Bought a scroll of poison for 44 gold pieces
 21639 | Orc:2    | Found a staircase to the Elven Halls.
 22403 | Orc:2    | Found Saugg's Distillery.
 22708 | Orc:2    | Found Liwiso's Distillery.
 22716 | Orc:2    | Bought a potion of brilliance for 64 gold pieces
 22718 | Orc:2    | Bought a potion of experience for 500 gold pieces
 22720 | Orc:2    | Reached XP level 15. HP: 78/78 MP: 35/35
 23272 | Orc:2    | Found Ymu Raeb's Book Shop.
 23272 | Orc:2    | Found Sayruost's Antique Weapon Boutique.
 23273 | Orc:2    | Found a one-way gate leading to the halls of Pandemonium.
 23755 | Elf:1    | Entered Level 1 of the Elven Halls
 24807 | Elf:1    | Reached skill level 5 in Staves
 24876 | Elf:1    | Reached skill level 15 in Spellcasting
 25288 | Elf:1    | Reached XP level 16. HP: 84/84 MP: 27/37
 25628 | Elf:1    | Paralysed by an air elemental for 1 turns
 25687 | Elf:1    | Paralysed by an air elemental for 1 turns
 25698 | Elf:1    | Slain by a +4 glaive of pain

Illustrated notes

Levels and vault maps discovered:
D:1:      ncdulo_watergridlock, layout_rooms, basic_ecumenical_altar,
          roderic_roman_lattice, corexii_hall_statues_l,
          minmay_misc_feat_enclosed
D:2:      layout_loops_ring, kennysheep_generic_room_11, uniq_robin,
          uniq_terence
D:3:      layout_rooms, eat_drink_and_be_merry_uskayaw, minmay_circle_x,
          uniq_sigmund
D:4:      layout_loops_cross, mainiacjoe_overflow_paths,
          cheibrodos_worm_habitat, minmay_misc_feat_five, uniq_blork_the_orc,
          uniq_eustachio, uniq_pikel
D:5:      layout_gridville, temple_pool_b, gammafunk_ghost_split,
          uniq_crazy_yiuf_cottage
D:6:      hangedman_cross_stitches, layout_basic,
          nicolae_elyvilon_peaceful_grove, fedhas_altar_3, uniq_prince_ribbit1,
          uniq_menkaure, uniq_edmund, uniq_grinder
D:7:      layout_loops_ring, serial_bayou, serial_bayou_lake_a,
          serial_bayou_shore_b, serial_bayou_shore_a, serial_bayou_lagoon_a,
          serial_shops, nicolae_shop_bloodbath_and_beyond, uniq_joseph
D:8:      layout_cave_pods, minivault_26, uniq_amaemon
D:9:      layout_roguey, hellmonk_lair_entry_icy, minmay_orc_entry_guard_dogs,
          kennysheep_generic_room_15
D:10:     layout_roguey, mainiacjoe_overflow_24_doors
Temple:   lightli_temple_of_artemis
Lair:1:   layout_roguey
Lair:2:   lemuel_ratsnest, layout_cave_pods, elwin_shoals_entry_rooms
Lair:3:   layout_loops_ring, minmay_snake_entry_six_corridors,
          minmay_hedge_maze, uniq_fannar
Lair:4:   layout_layer_cave, dpeg_slime_entry_enclosed
Lair:5:   cheibrodos_lair_end_hotspot, layout_long_grid
Orc:1:    layout_diamond_mine, special_room [special_room_bee],
          lightli_orcish_oven
Orc:2:    pf_orc_diabolical, layout_diamond_mine, serial_shops, shop_fountains,
          basic_altar
Elf:1:    layout_geoelf_octagon, evilmike_minifort, corexii_hall_statues_i

Skill      XL: |  1  2  3  4  5  6  7  8  9 10 11 12 13 14 15 |
---------------+----------------------------------------------+-----
Hexes          | 1 2 4 5 6 8 9 10 11 13 | 13.7
Stealth        | 3 5 6 7 8 |  8.3
Spellcasting   | 5 6 7 9 10 11 12 13 14 15 | 15.2
Conjurations   | 5 6 7 8 9 10 11 12 13 | 13.4
Dodging        | 3 4 5 |  5.0
Translocations | 3 4 5 6 7 8 |  8.0
Ice Magic      | 3 5 6 7 8 9 |  9.8
Air Magic      | 3 4 6 7 8 9 |  9.2
Invocations    | 2 3 4 5 6 7 |  7.3
Staves         | 1 2 3 4 5 |  5.0
Fighting       | 1 2 3 4 |  4.2
Armour         | 2 3 4 5 6 |  6.0
Summonings     | 1 3 |  3.0

Action                     |  1- 3 |  4- 6 |  7- 9 | 10-12 | 13-15 | 16-18 || total
---------------------------+-------+-------+-------+-------+-------+-------++-------
  Melee: Dagger            |     4 |       |       |       |       |       ||     4
         Trident           |       |       |    13 |       |       |       ||    13
         Lajatang          |       |       |       |    59 |    29 |       ||    88
         Staff             |       |       |       |       |     9 |     1 ||    10
         Punch             |       |       |       |       |     1 |       ||     1
   Cast: Magic Dart        |    63 |   115 |    25 |       |     3 |       ||   206
         Searing Ray       |     5 |    12 |    15 |    14 |     2 |       ||    48
         Fulminant Prism   |       |     1 |    26 |   115 |    79 |     3 ||   224
         Iskenderun's Myst |       |       |    22 |   104 |   116 |     8 ||   250
         Freezing Cloud    |       |       |       |    21 |   127 |     5 ||   153
         Summon Lightning  |       |       |       |       |     3 |       ||     3
 Invoke: Channel Magic     |       |       |       |    10 |    14 |     1 ||    25
  Evoke: Wand              |       |       |     2 |     1 |       |       ||     3
    Use: Scroll            |     1 |     3 |     1 |    22 |     4 |     1 ||    32
         Potion            |       |       |       |       |     1 |       ||     1
   Stab: Sleeping          |       |       |       |     2 |       |       ||     2
 Armour: Robe              |     7 |     8 |    21 |    52 |       |       ||    88
         Skin              |       |       |     1 |       |       |       ||     1
         Steam dragon scal |       |       |       |    18 |    23 |       ||    41
         Leather armour    |       |       |       |       |    12 |     1 ||    13
  Dodge: Dodged            |    11 |    14 |    33 |   155 |   122 |     7 ||   342
  Block: Other             |       |       |       |       |     1 |       ||     1
